 Dungeon Crawl Stone Soup version 0.17-a0-1399-gd5b76e1 (webtiles) character file.

522 zeke the Conjurer (level 7, -7/50 HPs)
             Began as a White Draconian Fire Elementalist on June 20, 2015.
             Mangled by an iguana (15 damage)
             ... on level 5 of the Dungeon.
             The game lasted 00:50:11 (3889 turns).

zeke the Conjurer (DrFE)                            Turns: 3889, Time: 00:50:11

Health: -7/50      AC:  7    Str: 10    XL:     7   Next: 2%
Magic:  7/10       EV:  7    Int: 18    God:
Gold:   184        SH:  0    Dex: 11    Spells: 2 memorised, 5 levels left

rFire  . . .     SeeInvis .     e - +1 dagger
rCold  + + .     Clarity  .     (armour unavailable)
rNeg   . . .     SustAt   .     (no shield)
rPois  .         Gourm    .     t - +0 hat
rElec  .         Spirit   .     d - +0 cloak (curse)
rCorr  .         Warding  .     (no gloves)
rMut   .         Stasis   .     (no boots)
MR     .....                    (no amulet)
Stlth  ++........               (no ring)
                                i - ring of protection from cold

@: not resistant to hostile enchantments, unstealthy
A: breathe frost, unfitting armour, cold resistance 1, cold-blooded, AC +6
a: Breathe Frost


You were on level 5 of the Dungeon.
You were not hungry.

You visited 1 branch of the dungeon, and saw 5 of its levels.

You collected 184 gold pieces.

Inventory:

Hand weapons
 e - a +1 dagger (weapon)
Armour
 d - a cursed +0 cloak (worn)
 t - a +0 hat (worn)
Jewellery
 i - a ring of protection from cold (left hand)
Scrolls
 h - a scroll of fog
 n - a scroll of remove curse {unknown}
 o - 2 scrolls of enchant weapon
 u - a scroll of recharging {unknown}
 v - 2 scrolls of teleportation {unknown}
Potions
 j - 2 potions of curing
 m - 2 potions of cancellation
Books
 a - a book of Flames

   Spells                             Type                      Level
   a - Flame Tongue                   Conjuration/Fire             1
   b - Throw Flame                    Conjuration/Fire             2
   c - Conjure Flame                  Conjuration/Fire             3
   d - Inner Flame                    Hexes/Fire                   3
   e - Sticky Flame                   Conjuration/Fire             4
   f - Fireball                       Conjuration/Fire             5
Comestibles
 b - 3 bread rations
 c - 4 fruits
 f - 2 chunks of flesh
 g - 3 meat rations


   Skills:
 - Level 2.0 Dodging
 - Level 2.0 Stealth
 - Level 2.2 Spellcasting
 + Level 5.1 Conjurations
 + Level 4.8 Fire Magic


You had 5 spell levels left.
You knew the following spells:

 Your Spells              Type           Power        Failure   Level  Hunger
a - Flame Tongue          Conj/Fire      ###..        1%          1    #......
b - Sticky Flame          Conj/Fire      ###.....     24%         4    #####..


Dungeon Overview and Level Annotations

Branches:
Dungeon (5/15)
 Temple: D:4-7

Altars:
Cheibriados
Fedhas
Okawaru
Ru
Zin


Innate Abilities, Weirdness & Mutations

You can breathe waves of freezing cold.
You can buffet flying creatures when you breathe cold.
Your icy white scales are hard (AC +6).
Your body does not fit into most forms of armour.
Your flesh is cold resistant.
You are cold-blooded and may be slowed by cold attacks.


Message History

Confirm with . or Enter, or press ? or * to list all spells.
You don't know that spell.
Casting: Flame Tongue
Confirm with . or Enter, or press ? or * to list all spells.
Okay, then.
Use which ability? (? or * to list)
Okay, then.
Casting: Flame Tongue
Confirm with . or Enter, or press ? or * to list all spells.
Aiming: Flame Tongue
Press: ? - help, Shift-Dir - straight line, f - orc priest
Aim: an orc priest, wielding a whip and wearing a ring mail The flame tongue hits the orc priest.
The orc priest is lightly wounded.
The rat bites you. The orc priest hits you with a whip.
The orc hits you but does no damage. The iguana bites you!
* * * LOW HITPOINT WARNING * * *
The rat bites you but does no damage. The orc priest closely misses you.
The orc hits you but does no damage. The iguana bites you!
You die...

.........
.......
......
#...(#
#....#
+....#
#.lor#
#.o@[#
#....#
#....#
.....##
#......#
+......#
#......#
#......#


You could see an iguana, an orc priest, an orc and a rat.

Vanquished Creatures
  Grinder (D:3)
  A centaur skeleton (D:4)
  2 orc priests
  A hound (D:4)
  2 orc wizards
  4 adders
  An adder skeleton (D:4)
  4 worms
  11 orcs
  4 giant cockroaches
  14 goblins
  10 hobgoblins
  11 kobolds
  3 ball pythons (D:2)
  5 bats
  4 giant newts
  2 quokkas
  16 rats
96 creatures vanquished.

Notes
Turn   | Place    | Note
--------------------------------------------------------------
     0 | D:1      | zeke the Draconian Fire Elementalist began the quest for the Orb.
     0 | D:1      | Reached XP level 1. HP: 14/14 MP: 3/3
   235 | D:1      | Reached XP level 2. HP: 15/20 MP: 1/5
   777 | D:2      | Reached XP level 3. HP: 26/26 MP: 0/6
  1125 | D:2      | Found a glowing silver altar of Zin.
  1127 | D:2      | Found an iron altar of Okawaru.
  1127 | D:2      | Found a blossoming altar of Fedhas.
  1136 | D:2      | Found a snail-covered altar of Cheibriados.
  2029 | D:3      | Noticed Grinder
  2051 | D:2      | Reached XP level 4. HP: 22/33 MP: 1/7
  2215 | D:3      | Found a sacrificial altar of Ru.
  2225 | D:3      | Reached skill level 4 in Fire Magic
  2579 | D:3      | Reached XP level 5. HP: 38/38 MP: 4/8
  2993 | D:2      | Learned a level 4 spell: Sticky Flame
  3014 | D:3      | Paralysed by Grinder for 5 turns
  3041 | D:3      | Killed Grinder
  3041 | D:3      | Reached skill level 5 in Fire Magic
  3041 | D:3      | Reached XP level 6. HP: 37/45 MP: 0/9
  3678 | D:4      | Reached skill level 5 in Conjurations
  3734 | D:4      | Your scales start taking on an icy white colour.
  3734 | D:4      | Gained mutation: Your flesh is cold resistant. [White Draconian growth]
  3734 | D:4      | Reached XP level 7. HP: 41/50 MP: 1/10
  3766 | D:5      | Entered Level 5 of the Dungeon
  3889 | D:5      | Mangled by an iguana

Vault maps used:
D:1:      dpeg_arrival_pond, hangedman_decor_slide_cut, interstate_on_off,
          moated_statue, minmay_rat_gold_closets
D:2:      grunt_temple_overflow_open, kennysheep_generic_room_11
D:3:      nicolae_ru_great_annihilating_truth, uniq_grinder
D:4:      first_bread
D:5:      basic_altar, grunt_ashenzari_visionary, uniq_eustachio, uniq_pikel

Action                   |  1- 3 |  4- 6 |  7- 9 || total
-------------------------+-------+-------+-------++-------
Melee: Dagger            |    23 |    37 |       ||    60
       Unarmed           |     2 |       |       ||     2
 Cast: Flame Tongue      |    94 |    84 |    10 ||   188
       Sticky Flame      |       |     1 |       ||     1
  Use: Scroll            |     1 |     4 |     1 ||     6
       Potion            |       |     3 |     1 ||     4
  Eat: Chunk             |     2 |     5 |       ||     7
       Meat ration       |     1 |       |       ||     1
